Mandevil, chaotic female elven Monk ------- --------------- |.._..| --..|*..*..*..*| |*...*| --...#..........| |...%.| 1 --------- --....|-+------|-| ----|---- --.......-- --.....#...[......-----|.......|---------+--- --------.........----.....--.)%[.%.........#.......#.....||.....| 11 --..........}}}...........--.)....%).%.....%..............|-.....| |<.).....)..}{}...........-%.......[...................._.-.)....| --..........}}}[..........--...$)[..[.....................|-[....| --------..^......----.....--..........)....#.......#.*...||.....| --.......-- --.....#.....*....-----|......^|---------|--- --------- --....|-)------|-| ----|---- @ --...#......[...| |.....| .. --..|.........*| |*...*| -------------- |.._..| ------- Mandevil the Student of Stones Experience level: 11 Strength: 14 Dexterity: 17 Constitution: 15 Intelligence: 11 Wisdom: 18 Charisma: 7 Health: 0(84) Energy: 96(135) Def: 24 Gold: 103 Moves: 9303 Dungeon seed: 6f7PE63vhvUys6Cj Game ID: Mandevil_1623170065 Your Inventory: Coins $ - 103 gold pieces Weapons G - 11 uncursed +0 shuriken (in quiver) Armor d - an uncursed +0 pair of levitation boots n - an uncursed +1 robe (being worn) q - an uncursed +0 mummy wrapping D - an uncursed +2 pair of leather gloves (being worn) N - an uncursed +0 dwarvish iron helm (being worn) Comestibles r - an uncursed lichen corpse Potions a - an uncursed potion of healing Rings i - an uncursed ring of stealth l - an uncursed ring of slow digestion (on left hand) P - an uncursed ring of regeneration Wands s - an uncursed wand of striking (0:5) u - an uncursed wand of opening (0:5) A - an uncursed wand of secret door detection (0:13) I - an uncursed wand of cold (0:5) J - an uncursed wand of speed monster (0:2) M - an uncursed wand of opening (0:4) S - an uncursed wand of nothing (0:2) W - an uncursed wand of fire (0:4) X - an uncursed wand of summoning (0:7) Tools e - an uncursed +0 pick-axe h - an uncursed bag of holding k - an uncursed skeleton key m - an uncursed oil lamp (0:0) v - an uncursed tooled horn w - an uncursed tin whistle y - an uncursed +0 unicorn horn H - an uncursed sack R - an uncursed blindfold Gems z - an uncursed jet stone L - 3 uncursed worthless pieces of green glass Q - 2 uncursed worthless pieces of white glass T - an uncursed worthless piece of black glass V - an uncursed worthless piece of orange glass Y - an uncursed topaz stone Contents of the bag of holding: 3179 gold pieces an uncursed +0 orcish helm of hunger an uncursed +0 pair of iron shoes of hunger 6 uncursed apples an uncursed carrot 2 uncursed eggs 14 uncursed food rations an uncursed lichen corpse 5 uncursed oranges 4 uncursed sis a blessed scroll of blank paper 3 uncursed scrolls of blank paper a cursed scroll of blank paper 2 uncursed scrolls of earth an uncursed scroll of enchant armor an uncursed scroll of enchant weapon a cursed scroll of identify an uncursed scroll of remove curse an uncursed scroll of teleportation an uncursed spellbook of extra healing a blessed potion of object detection an uncursed potion of speed a cursed ring of aggravate monster a cursed -10 ring of carrying a cursed +2 ring of searching an uncursed ring of slow digestion a cursed ring of teleportation a cursed ring of teleportation an uncursed magic marker (0:63) an uncursed oil lamp (0:1140) 2 blessed tallow candles (0:200) 7 uncursed tallow candles (0:200) a cursed tallow candle (0:200) Spells and supernatural/magical abilities: Spells marked with '!' are maintained. Name Level Category Cost Memory a - force bolt 1 attack 5pw 87% e - charm monster 3 enchantment 27pw 98% h - healing 1 healing 5pw 100% m - magic missile 2 attack 10pw 98% p - protection 1 ! clerical 5pw 85% r - remove curse 3 clerical 25pw 98% s - slow monster 2 enchantment 10pw 91% x - extra healing 3 healing 15pw 97% G - detect treasure 4 divination 133pw 98% K - cure sickness 3 healing 15pw 98% R - restore ability 4 healing 20pw 90% W - pray for help -- divine ? -- Your skills at the end: Fighting Skills martial arts [Master] wands [Basic] Weapon Skills Spellcasting Skills attack spells [Basic] healing spells [Basic] Final Attributes: You were piously aligned. You were fire resistant. You were immune to sleep. You were poison resistant. You were blinded. You saw invisible. You were warned. You had automatic searching. You had infravision. You were stealthy. You had slower digestion. You were protected. You were fast. Huan Ti was noncommittal. You are dead. Vanquished creatures: 2 giant mimics a large mimic a stalker a winter wolf an ettin mummy a large dog a freezing sphere a flaming sphere a shocking sphere 2 dwarf kings 2 tengu an ochre jelly 2 leocrottas a human mummy a python 2 carnivorous apes 2 crocodiles 3 giant beetles a panther 2 orc-captains an iron piercer a mumak a giant spider a scorpion a gnome king 2 owlbears a yeti a gold golem a werewolf 4 dingos a housecat 2 jaguars a gray unicorn 2 dust vortices 2 gnome mummies 2 snakes a wood nymph 2 water nymphs 11 Mordor orcs an Uruk-hai 3 orc shamans 4 rock piercers 3 ponies a yellow light 2 shriekers 3 violet fungi 6 gnome lords 7 gnomish wizards a kobold mummy a golden naga hatchling a barrow wight 5 elf zombies 2 straw golems a paper golem 3 baby crocodiles 3 little dogs 2 floating eyes 4 kittens 15 dwarves a homunculus 3 kobold shamans 18 hill orcs a rothe 2 rabid rats 5 giant bats 3 orc zombies a werejackal 8 iguanas 4 killer bees 2 acid blobs 4 coyotes 2 gas spores 4 hobbits 7 hobgoblins 2 giant rats 3 cave spiders a brown mold 2 yellow molds 42 gnomes 18 garter snakes 2 gnome zombies a gecko 10 jackals a fox 5 goblins 2 sewer rats 10 grid bugs 5 bats 3 lichens 8 newts 315 creatures vanquished. Voluntary challenges: You followed a strict vegan diet. You never hit with a wielded weapon. You read items or engraved 83 times, starting on turn 1097. You never genocided any monsters. You never polymorphed an object. You never changed form. You used no wishes. You never split a pudding. You never wrote Elbereth's name. You violated your moral code, losing 114 points of alignment, starting on turn 7159. Dungeon overview: The Dungeons of Doom: levels 1 to 10 Level 1 a sink a long staircase Level 2 many fountains stairs to The Gnomish Mines Level 3 a fountain Level 4 Level 5 a fountain, a vault Level 6 Level 7 a general store Level 8 some fountains, a vault Level 9 many fountains Level 10 a temple to Chih Sung-tzu, a vault stairs to Sokoban The Gnomish Mines: levels 3 to 10 Level 3 stairs to The Dungeons of Doom Level 4 Level 5 many shops, a temple to Huan Ti, some fountains Level 6 Level 7 Level 8 Level 9 Level 10 <- You were here some altars to Moloch, a fountain Sokoban: levels 6 to 9 Level 6 Solved Level 7 Solved Level 8 Solved Level 9 Solved stairs to The Dungeons of Doom History has recorded: On T:1 you entered the Dungeons of Doom to retrieve the Amulet of Yendor! On T:265 you reached level 2 of The Dungeons of Doom. On T:516 you reached level 1 of The Gnomish Mines. On T:526 you advanced to experience level 2. On T:572 you advanced to experience level 3. On T:586 you advanced to experience level 4. On T:772 you reached level 2 of The Gnomish Mines. On T:816 you advanced to experience level 5. On T:1013 you reached level 3 of The Gnomish Mines. On T:1456 you reached level 3 of The Dungeons of Doom. On T:1667 you reached level 4 of The Dungeons of Doom. On T:1992 you advanced to experience level 6. On T:2013 you reached level 5 of The Dungeons of Doom. On T:2250 you reached level 6 of The Dungeons of Doom. On T:2485 you reached level 7 of The Dungeons of Doom. On T:2889 you reached level 8 of The Dungeons of Doom. On T:3150 you reached level 9 of The Dungeons of Doom. On T:3179 you advanced to experience level 7. On T:3436 you reached level 10 of The Dungeons of Doom. On T:3845 you reached level 4 of Sokoban. On T:4129 you reached level 3 of Sokoban. On T:4513 you advanced to experience level 8. On T:5012 you reached level 2 of Sokoban. On T:5385 you reached level 1 of Sokoban. On T:6905 you advanced to experience level 9. On T:7569 you advanced to experience level 10. On T:7843 you reached level 4 of The Gnomish Mines. On T:8093 you reached level 5 of The Gnomish Mines. On T:8390 you reached level 6 of The Gnomish Mines. On T:8736 you reached level 7 of The Gnomish Mines. On T:9043 you reached level 8 of The Gnomish Mines. On T:9133 you advanced to experience level 11. Score breakdown: Gold: 3282 (11961 points) Experience: 11 levels (17616 points) Exploration: 10 levels ( 20.00%) (12857 points) Discoveries: 29 items ( 10.51%) ( 9724 points) Valuables value: (no points given unless you survive) Artifact value: 0 ( 0 points) Variety of kills: 90 monsters ( 23.68%) (14599 points) Turncount: 9303 turns (-2271 points) Survival: died (score multiplied by 80%) Total score: 51588 Latest messages: It must be a potion of blindness. You hear some noises nearby. You miss the invisible Elenmirie. The bottle crashes on your head and breaks into shards. Something seems to be holding you. It must be a potion of paralysis. It disappears in a puff of logic. You hear a distant zap. The wand hits you! You hear a distant zap. The wand hits you! You hear a distant zap. The wand hits you! You hear a distant zap. The wand hits you! You hear a distant zap. The wand hits you! You have a sad feeling for a moment, then it passes. You hear a distant zap. The wand hits you! You die... The sack is empty. Final status: Goodbye Mandevil the Monk, killed by an invisible wizard called "Elenmirie"'s wand, while frozen by potion vapours... You died in The Gnomish Mines on dungeon level 10 with 51588 points, and 3282 pieces of gold, after 9303 moves. You were level 11 with a maximum of 84 hit points when you died.